 Dungeon Crawl Stone Soup version 0.19.5 (webtiles) character file.

182 devil0150 the Magician (level 5, 0/33 HPs)
             Began as a High Elf Wizard on Apr 12, 2017.
             Slain by an orc
             ... wielding a +0 club
              (6 damage)
             ... on level 3 of the Dungeon.
             The game lasted 00:14:53 (4045 turns).

devil0150 the Magician (High Elf Wizard)            Turns: 4045, Time: 00:14:53

Health: 0/33       AC:  6    Str:  6    XL:     5   Next: 34%
Magic:  8/14       EV: 12    Int: 23    God:
Gold:   158        SH:  0    Dex: 13    Spells: 1 memorised, 14 levels left

rFire  . . .     SeeInvis .     r - +3 dagger (venom)
rCold  . . .     Gourm    .     a - +2 robe
rNeg   . . .     Faith    .     (no shield)
rPois  .         Spirit   .     b - +1 hat
rElec  .         Reflect  .     p - +0 cloak
rCorr  .         Harm     .     (no gloves)
MR     .....                    (no boots)
Stlth  ++........               (no amulet)
                                (no ring)
                                (no ring)

@: very slightly contaminated
A: no striking features
a: no special abilities


You were on level 3 of the Dungeon.
You were hungry.

You visited 1 branch of the dungeon, and saw 4 of its levels.

You collected 158 gold pieces.

Inventory:

Hand Weapons
 g - a +0 spear
 r - a +3 dagger of venom (weapon)
 v - a cursed -1 blowgun
Missiles
 i - 8 tomahawks (quivered)
 u - 6 poisoned needles
Armour
 a - a +2 robe (worn)
 b - a +1 hat (worn)
 p - a +0 cloak (worn)
Wands
 k - a wand of enslavement (10/24)
Scrolls
 q - a scroll of teleportation
Potions
 e - a potion of agility
 f - 3 potions of haste
 l - 2 potions of magic
 m - a potion of flight {unknown}
 n - a potion of brilliance {unknown}
 o - a potion of resistance {unknown}
 s - a potion of might {unknown}
 t - a potion of curing {unknown}
Books
 c - a book of Minor Magic

   Spells                             Type                      Level
   a - Magic Dart                     Conjuration                  1
   b - Blink                          Translocation                2
   c - Call Imp                       Summoning                    2
   d - Repel Missiles                 Charms/Air                   2
   e - Slow                           Hexes                        2
   f - Conjure Flame                  Conjuration/Fire             3
   g - Mephitic Cloud                 Conjuration/Poison/Air       3
Comestibles
 d - 3 bread rations
 h - 3 fruits
 j - 2 beef jerkies


   Skills:
 + Level 1.0 Fighting
 + Level 2.3 Dodging
 + Level 2.7 Stealth
 + Level 5.5 Spellcasting
 + Level 3.3 Conjurations
   Level 0.8 Summonings
   Level 1.1 Translocations


You had 14 spell levels left.
You knew the following spells:

 Your Spells              Type           Power        Failure   Level  Hunger
a - Magic Dart            Conj           ###.         2%          1    None


Dungeon Overview and Level Annotations

Branches:
Dungeon (4/15)
 Temple: D:4-7

Altars:
Uskayaw

Annotations:
D:4 abbott299's ghost, amateur DrFi


Message History

The orc priest is severely wounded.
The orc priest mumbles some strange prayers to Beogh against you.
You struggle to resist.
Casting: Magic Dart
Confirm with . or Enter, or press ? or * to list all spells.
Aiming: Magic Dart
Press: ? - help, Shift-Dir - straight line, f/p - orc priest
Aim: an orc priest, wielding a whip and wearing a ring mail (severely wounded)
You miscast Magic Dart.
You are very lightly contaminated with residual magic.
Nothing appears to happen.
Casting: Magic Dart
Confirm with . or Enter, or press ? or * to list all spells.
Aiming: Magic Dart
Press: ? - help, Shift-Dir - straight line, f/p - orc priest
Aim: an orc priest, wielding a whip and wearing a ring mail (severely wounded)
The magic dart hits the orc priest.
The orc priest is severely wounded.
The orc hits you with a club.
You die...

8.8.8(# #...##.#.........#....##.
......####..##.#.........#....##.
...............#....#.........''.
......####..####....+.........##.
_)....# #..........######.......
......## #.#.....#+## #..##.##
.......# #.#.....# #..##.#
....รท..# #...oo# #..##.##
8.8.8..# #....@# #..##...
...........#.....# #..##..#
#..........#####.# ##..##..#
+..........# #.# #.......#
#..........# #.# ###.###.#
+..........# #.# .........
#.........## #.# ###.###.# #.#
#.# ######.# #.#


You could see an orc priest and an orc.

Vanquished Creatures
  A scorpion (D:4)
  An orc priest (D:3)
  2 adders (D:2)
  An ooze (D:1)
  2 worms (D:2)
  2 dart slugs (D:1)
  3 orcs
  8 bats
  5 giant cockroaches
  10 goblins
  8 hobgoblins
  5 jackals
  A ball python (D:2)
  7 frilled lizards
  7 kobolds
  6 rats
69 creatures vanquished.

Notes
Turn   | Place    | Note
-------+----------+-------------------------------------------
     0 | D:1      | devil0150 the High Elf Wizard began the quest for the Orb.
     0 | D:1      | Reached XP level 1. HP: 11/11 MP: 6/6
   274 | D:1      | Reached skill level 4 in Spellcasting
   341 | D:1      | Reached XP level 2. HP: 17/17 MP: 4/8
  1141 | D:1      | Reached XP level 3. HP: 16/21 MP: 2/9
  2044 | D:2      | Reached XP level 4. HP: 27/27 MP: 3/11
  2555 | D:3      | Found a hide-covered altar of Uskayaw.
  2577 | D:3      | Reached skill level 5 in Spellcasting
  3384 | D:4      | Reached skill level 1 in Fighting
  3384 | D:4      | Reached XP level 5. HP: 5/33 MP: 1/13
  3584 | D:4      | Noticed abbott299's ghost (amateur DrFi)
  4045 | D:3      | Slain by an orc

Skill      XL: |  1  2  3  4  5 |
---------------+----------------+-----
Spellcasting   | 4 5 |  5.5
Conjurations   | 2 3 |  3.3
Fighting       | 1 |  1.0
Dodging        | |  2.3
Stealth        | |  2.7
Summonings     | |  0.8
Translocations | |  1.1

Action                   |  1- 3 |  4- 6 || total
-------------------------+-------+-------++-------
Melee: Dagger            |       |     7 ||     7
 Cast: Magic Dart        |   112 |    81 ||   193
  Use: Scroll            |     8 |     4 ||    12
  Eat: Chunk             |     2 |     5 ||     7
       Beef jerky        |     1 |       ||     1
Armor: Robe              |    11 |     5 ||    16
Dodge: Dodged            |    14 |    30 ||    44
